 Dungeon Crawl Stone Soup version 0.19-a0-503-g45a6586 (webtiles) character file.

132 st0uf the Shield-Bearer (level 5, -6/42 HPs)
             Began as a Formicid Fighter on June 5, 2016.
             Mangled by an ogre
             ... wielding a +0 giant club
              (27 damage)
             ... on level 5 of the Dungeon.
             The game lasted 00:05:13 (2028 turns).

st0uf the Shield-Bearer (Formicid Fighter)          Turns: 2028, Time: 00:05:14

Health: -6/42      AC:  7    Str: 22    XL:     5   Next: 38%
Magic:  5/5        EV:  8    Int:  7    God:
Gold:   116        SH:  9    Dex: 10    Spells: 0 memorised, 4 levels left

rFire  . . .     SeeInvis +     a - +0 long sword
rCold  . . .     Gourm    .     b - +0 scale mail
rNeg   . . .     Faith    .     c - +0 shield
rPois  .         Spirit   .     (helmet unavailable)
rElec  .         Dismiss  .     (no cloak)
rCorr  .         Reflect  .     (no gloves)
SustAt .         Harm     .     (no boots)
MR     .....                    (no amulet)
Stlth  ..........               (no ring)
                                (no ring)

@: not resistant to hostile enchantments, extremely unstealthy
A: permanent stasis, dig shafts and tunnels, four strong arms, antennae 3
a: Dig, Shaft Self


You were on level 5 of the Dungeon.
You were not hungry.

You visited 1 branch of the dungeon, and saw 5 of its levels.

You collected 116 gold pieces.

Inventory:

Hand Weapons
 a - a +0 long sword (weapon)
Armour
 b - a +0 scale mail (worn)
 c - a +0 shield (worn)
Jewellery
 o - an uncursed ring of wizardry {unknown}
Scrolls
 g - 4 scrolls of identify {unknown}
 h - a scroll of teleportation {unknown}
 k - a scroll of blinking {unknown}
 n - a scroll of fog {unknown}
Potions
 d - a potion of might
 e - 2 potions of agility {unknown}
 i - 3 potions of curing {unknown}
 j - a potion of heal wounds {unknown}
 l - a potion of lignification {unknown}
 m - a potion of brilliance {unknown}
Comestibles
 f - 3 bread rations
 p - a chunk of flesh


   Skills:
 + Level 4.1 Fighting
 * Level 2.6 Long Blades
 + Level 4.3 Armour
 + Level 1.0 Dodging
 + Level 4.4 Shields


You had 4 spell levels left.
You didn't know any spells.

Dungeon Overview and Level Annotations

Branches:
Dungeon (5/15)
 Temple: D:4-7

Altars:
Ashenzari


Innate Abilities, Weirdness & Mutations

You are under a permanent stasis effect.
You can dig through walls and to a lower floor.
Your four strong arms can wield two-handed weapons with a shield.
You have a pair of large antennae on your head. (SInv)


Message History

Found a stone staircase leading down.
There is a stone staircase leading down here.
You climb downwards.
You hear the sound of rushing water.
There is an entrance to a sewer on this level.
Hurry and find it before the portal rusts away!
There is a stone staircase leading up here.
An ogre comes into view. It is wielding a giant club.
The ogre shouts!
You hit the ogre.
The ogre is lightly wounded.
You block the ogre's attack.
You hit the ogre.
The ogre is moderately wounded.
The ogre hits you with a giant club!!
Ouch! That really hurt!
You hit the ogre.
The ogre is heavily wounded.
The ogre hits you with a giant club!!
Ouch! That really hurt!
You die...

########
#..O@..#
#.####.#
####.#
#<...#
######


You could see an ogre.

Vanquished Creatures
  4 gnolls
  4 adders
  3 worms (D:2)
  A dart slug (D:3)
  4 giant geckos
  An orc (D:3)
  A ball python (D:3)
  A goblin (D:1)
  7 hobgoblins
  5 jackals
  2 quokkas
  2 bats
  8 kobolds
  A rat (D:1)
44 creatures vanquished.

Notes
Turn   | Place    | Note
--------------------------------------------------------------
     0 | D:1      | st0uf the Formicid Fighter began the quest for the Orb.
     0 | D:1      | Reached XP level 1. HP: 18/18 MP: 1/1
    31 | D:1      | Reached XP level 2. HP: 24/24 MP: 2/2
   179 | D:1      | Reached XP level 3. HP: 28/29 MP: 3/3
   809 | D:2      | Reached XP level 4. HP: 32/37 MP: 4/4
  1023 | D:2      | You fall through a shaft!
  1281 | D:3      | Reached XP level 5. HP: 34/42 MP: 5/5
  1680 | D:3      | Found a shattered altar of Ashenzari.
  1699 | D:3      | Reached skill level 1 in Dodging
  2019 | D:5      | Entered Level 5 of the Dungeon
  2024 | D:5      | Noticed an ogre
  2028 | D:5      | Mangled by an ogre

Vault maps used:
D:1:      tarquinn_simple_flora_water_b, corexii_leaking_fountain
D:3:      first_bread, cheibrodos_ashenzari_chains
D:4:      temple_hall
D:5:      nicolae_ru_the_path_less_chosen, old_standard_altar,
          gup_sewer_entry_bowl, minmay_misc_feat_iff

Skill      XL: |  1  2  3  4  5 |
---------------+----------------+-----
Shields        | 4 |  4.4
Fighting       | 4 |  4.1
Armour         | 4 |  4.3
Dodging        | 1 |  1.0
Long Blades    | |  2.6

Action                   |  1- 3 |  4- 6 || total
-------------------------+-------+-------++-------
Melee: Long sword        |    58 |    97 ||   155
 Abil: Dig               |       |     1 ||     1
  Eat: Chunk             |       |     4 ||     4
Armor: Scale mail        |    23 |    28 ||    51
Dodge: Dodged            |    15 |    23 ||    38
Block: Shield            |    22 |    43 ||    65
